[Event "42nd Olympiad Baku 2016 Open"]
[Site "Baku"]
[Date "2016.09.06"]
[Round "5.28"]
[White "Kahn, Tito"]
[Black "Al Khateeb, Taher"]
[Result "0-1"]
[ECO "D02"]
[WhiteElo "1880"]
[BlackElo "2002"]
[Annotator ""]
[PlyCount "135"]
[EventDate "2016.??.??"]
[EventType "team-tourn"]
[EventCountry "AZE"]
[SourceTitle "playchess.com"]
[Source "ChessBase"]
[WhiteTeam "Channel Islands"]
[BlackTeam "Kuwait"]
[WhiteTeamCountry "JCI"]
[BlackTeamCountry "KUW"]
[TimeControl "40/5400+30:1800+30"]

1. d4 {(00:00)} d5 {(00:00)} 2. Nf3 {(00:00)} Bf5 {
(00:00)} 3. Bf4 {(00:31)} e6 {(00:12)} 4. e3 {(00:
38)} Nf6 {(00:13)} 5. c4 {(04:56)} Nc6 {(00:23)} 6. Nc3 {
(01:52)} Bb4 {(00:31)} 7. Rc1 {(13:15)} Ne4 {(02:
01)} 8. Bd3 {(01:58)} dxc4 {(03:44)} 9. Bxc4 {(00:48)}
Nxc3 {(00:41)} 10. bxc3 {(00:23)} Ba3 {(00:09)} 11. Rb1 {
(06:14)} Bxb1 {(01:27)} 12. Qxb1 {(00:01)} Na5 {(
10:57)} 13. Bd3 {(03:46)} Bd6 {(02:42)} 14. Ne5 {(03:01)}
c6 {(14:00)} 15. Bxh7 {(11:55)} Bxe5 {(05:07)} 16. Bxe5 {
(01:43)} Qg5 {(12:02)} 17. Be4 {(09:42)} f5 {(05:
01)} 18. Bf3 {(03:16)} Qe7 {(00:39)} 19. Be2 {(05:06)} b6
{(02:22)} 20. g4 {(04:28)} Rf8 {(04:22)} 21. Rg1 {(
01:17)} g5 {(05:20)} 22. Bd3 {(06:45)} O-O-O {(09:27)} 23.
Ba6+ {(06:58)} Nb7 {(02:14)} 24. Qb3 {(01:02)} Rd5 {
(00:43)} 25. Qc4 {(05:47)} Qd7 {(03:25)} 26. a4 {(
00:14)} Rxe5 {(03:36)} 27. dxe5 {(00:31)} Rd8 {(00:25)}
28. Ke2 {(04:07)} Kb8 {(04:53)} 29. gxf5 {(01:21)} exf5 {
(02:24)} 30. Qa2 {(01:12)} Nc5 {(00:49)} 31. Bc4 {(
00:20)} Ne4 {(00:52)} 32. Qc2 {(00:56)} Qe8 {(02:03)} 33.
Rd1 {(00:31)} Qh5+ {(03:00)} 34. Ke1 {(00:50)} Rxd1+ {
(00:37)} 35. Qxd1 {(00:15)} Qxd1+ {(00:07)} 36. Kxd1 {
(00:02)} Nxf2+ {(00:35)} 37. Ke2 {(00:43)} Ng4 {(
00:34)} 38. e6 {(00:38)} Kc7 {(00:04)} 39. Bd3 {(01:26)}
Nh6 {(00:02)} 40. Kf3 {(00:00)} Kd6 {(00:00)} 41. Bc4 {
(01:55)} Ng8 {(01:07)} 42. e4 {(05:31)} Ke5 {(08:
06)} 43. exf5 {(01:29)} Kxf5 {(00:19)} 44. Bd3+ {(01:06)}
Kf6 {(00:15)} 45. Kg4 {(03:41)} Ne7 {(00:55)} 46. c4 {
(04:45)} Nc8 {(05:11)} 47. Be4 {(00:38)} Ne7 {(03:
13)} 48. Bf3 {(02:04)} Ng6 {(01:06)} 49. Be4 {(03:12)}
Ne5+ {(01:01)} 50. Kh5 {(00:27)} g4 {(07:56)} 51. Kh4 {
(03:41)} Kxe6 {(00:38)} 52. Kg5 {(00:12)} Kd6 {(01:
03)} 53. Bf5 {(00:19)} Nf3+ {(01:09)} 54. Kxg4 {(00:16)}
Nxh2+ {(00:05)} 55. Kg3 {(00:58)} Nf1+ {(00:02)} 56. Kf2 {
(02:17)} Nd2 {(00:03)} 57. Ke3 {(02:13)} Nxc4+ {(
00:09)} 58. Kd4 {(00:05)} Ne5 {(01:18)} 59. Be4 {(00:35)}
a5 {(01:12)} 60. Bf5 {(01:06)} Nd7 {(01:56)} 61. Kc4 {
(01:33)} Nc5 {(01:11)} 62. Bc2 {(00:02)} Kc7 {(01:
50)} 63. Kd4 {(00:25)} Kb7 {(00:22)} 64. Bd1 {(01:16)} Ka7
{(00:27)} 65. Kc4 {(01:04)} Ka6 {(01:00)} 66. Bc2 {
(00:06)} Nxa4 {(00:12)} 67. Bd3 {(01:26)} Nb2+ {(
00:17)} 68. Kd4+ 0-1

[Event "42nd Olympiad Baku 2016 Open"]
[Site "Baku"]
[Date "2016.09.06"]
[Round "5.28"]
[White "Kakabaev, Mergen"]
[Black "Guliyev, Namig"]
[Result "0-1"]
[ECO "B84"]
[WhiteElo "2338"]
[BlackElo "2577"]
[Annotator ""]
[PlyCount "104"]
[EventDate "2016.??.??"]
[EventType "team-tourn"]
[EventCountry "AZE"]
[SourceTitle "playchess.com"]
[Source "ChessBase"]
[WhiteTeam "Turkmenistan"]
[BlackTeam "Azerbaijan"]
[WhiteTeamCountry "TKM"]
[BlackTeamCountry "AZE"]
[TimeControl "40/5400+30:1800+30"]

1. e4 {(00:00)} c5 {(00:00)} 2. Nf3 {(00:00)} d6 {(
00:00)} 3. d4 {(00:04)} cxd4 {(00:06)} 4. Nxd4 {(00:08)}
Nf6 {(00:05)} 5. Nc3 {(00:08)} e6 {(00:05)} 6. Be2 {
(01:14)} a6 {(00:07)} 7. a4 {(00:15)} Nc6 {(01:07)}
8. Be3 {(00:32)} Be7 {(00:26)} 9. O-O {(00:08)} Qc7 {
(00:57)} 10. f4 {(02:36)} O-O {(00:37)} 11. f5 {(
01:32)} exf5 {(06:31)} 12. Nxf5 {(01:46)} Bxf5 {(03:25)}
13. Rxf5 {(00:50)} Ne5 {(01:41)} 14. Bd4 {(15:13)} Rac8 {
(02:03)} 15. Qf1 {(10:56)} Rfe8 {(07:38)} 16. Kh1 {
(06:43)} Nfd7 {(01:43)} 17. Bd3 {(10:05)} g6 {(03:
39)} 18. Rf2 {(01:39)} Qd8 {(04:13)} 19. Nd5 {(02:56)} Bg5
{(00:17)} 20. g3 {(09:35)} Rf8 {(07:44)} 21. h4 {(
02:38)} Bh6 {(00:47)} 22. Qh3 {(00:41)} Bg7 {(02:17)} 23.
Bc3 {(09:32)} h5 {(04:07)} 24. Be2 {(01:56)} Rxc3 {
(07:54)} 25. bxc3 {(02:43)} Nc5 {(06:41)} 26. Qg2 {
(02:03)} Qd7 {(03:37)} 27. a5 {(01:12)} Qd8 {(00:
29)} 28. Nb6 {(02:45)} Ncd7 {(05:09)} 29. Nc4 {(04:00)}
Qc7 {(00:47)} 30. Qf1 {(04:09)} Rc8 {(07:14)} 31. Nxe5 {
(02:03)} Nxe5 {(00:37)} 32. Rb1 {(01:13)} Qc6 {(02:
42)} 33. Bd3 {(00:37)} Rc7 {(00:36)} 34. c4 {(00:47)} Qc5
{(03:14)} 35. Qe1 {(01:15)} Ng4 {(00:31)} 36. Re2 {
(01:45)} Bd4 {(00:52)} 37. Qb4 {(00:43)} Qe5 {(00:
56)} 38. Kg2 {(00:47)} Kg7 {(03:09)} 39. Qd2 {(00:57)} Bc3
{(01:10)} 40. Qf4 {(00:00)} Qc5 {(00:00)} 41. Rb6 {
(08:33)} Rd7 {(07:31)} 42. Rb3 {(08:07)} Qxa5 {(01:
31)} 43. e5 {(01:52)} dxe5 {(04:49)} 44. Qf3 {(00:16)} Bd4
{(00:42)} 45. Rxb7 {(00:33)} Rxb7 {(00:34)} 46. Qxb7 {
(00:06)} Qa1 {(00:38)} 47. c5 {(06:24)} a5 {(04:37]
} 48. Bc4 {(02:31)} Qg1+ {(02:34)} 49. Kh3 {(00:07)} Qf1+
{(00:31)} 50. Qg2 {(00:17)} Qf5 {(02:55)} 51. Bd3 {
(00:18)} Qc8 {(00:39)} 52. Qf3 {(00:23)} Nf2+ {(01:
21)} 0-1

[Event "42nd Olympiad Baku 2016 Open"]
[Site "Baku"]
[Date "2016.09.06"]
[Round "5.11"]
[White "Latela, Kananelo"]
[Black "Jelic, Dejan"]
[Result "1-0"]
[ECO "E12"]
[WhiteElo "1736"]
[BlackElo "1956"]
[Annotator ""]
[PlyCount "135"]
[EventDate "2016.??.??"]
[EventType "team-tourn"]
[EventCountry "AZE"]
[SourceTitle "playchess.com"]
[Source "ChessBase"]
[WhiteTeam "Lesotho"]
[BlackTeam "Liechtenstein"]
[WhiteTeamCountry "LES"]
[BlackTeamCountry "LIE"]
[TimeControl "40/5400+30:1800+30"]

1. d4 {(00:00)} Nf6 {(00:00)} 2. c4 {(03:02)} e6 {(
00:00)} 3. Nf3 {(00:45)} b6 {(00:00)} 4. a3 {(00:59)} Bb7
{(00:32)} 5. Nc3 {(00:36)} d6 {(04:39)} 6. Qc2 {(
03:24)} Nbd7 {(02:18)} 7. e4 {(00:47)} d5 {(09:19)} 8.
cxd5 {(03:15)} exd5 {(00:12)} 9. e5 {(00:44)} Ne4 {
(00:55)} 10. Bd3 {(01:03)} f5 {(02:20)} 11. e6 {(
04:45)} Ndf6 {(16:34)} 12. Ne5 {(00:41)} Qc8 {(00:22)} 13.
O-O {(01:44)} Qxe6 {(11:31)} 14. Nb5 {(02:44)} Bd6 {
(02:23)} 15. Nxc7+ {(00:36)} Bxc7 {(00:04)} 16. Qxc7 {
(00:22)} Nd6 {(06:38)} 17. Bg5 {(01:00)} O-O {(04:
09)} 18. Qc2 {(00:49)} Nfe4 {(02:35)} 19. Nf3 {(01:13)}
Rac8 {(00:59)} 20. Qb3 {(00:53)} Nxg5 {(06:03)} 21. Nxg5 {
(00:15)} Qf6 {(00:20)} 22. Nf3 {(00:23)} Ne4 {(04:
54)} 23. Qa4 {(00:54)} a5 {(01:39)} 24. Ne5 {(00:11)} Qg5
{(01:38)} 25. Qd7 {(00:56)} Nd2 {(08:59)} 26. Qxb7 {
(03:20)} Nxf1 {(00:11)} 27. Qxd5+ {(00:23)} Kh8 {(
00:23)} 28. Rxf1 {(00:24)} Qe7 {(01:49)} 29. Re1 {(00:36)}
Qc7 {(04:11)} 30. h3 {(00:31)} Rcd8 {(00:27)} 31. Qc6 {
(02:30)} Qxc6 {(01:50)} 32. Nxc6 {(00:15)} Rd6 {(
01:28)} 33. Bb5 {(00:13)} h6 {(02:07)} 34. Re7 {(00:32)}
Rc8 {(00:39)} 35. Ne5 {(01:37)} Rxd4 {(01:05)} 36. Bd7 {
(00:12)} Rc1+ {(02:26)} 37. Kh2 {(00:06)} f4 {(01:
24)} 38. g4 {(02:08)} Rd2 {(01:07)} 39. Kg2 {(00:56)} Rcc2
{(00:31)} 40. Re8+ {(00:00)} Kh7 {(00:00)} 41. Bf5+ {
(01:41)} g6 {(00:18)} 42. Bxg6+ {(00:06)} Kg7 {(00:
08)} 43. Bxc2 {(00:16)} Rxc2 {(00:07)} 44. Nd3 {(00:19)}
Kf7 {(01:33)} 45. Re4 {(01:43)} Rd2 {(07:10)} 46. Rxf4+ {
(00:18)} Ke6 {(00:13)} 47. Rd4 {(00:10)} Ke7 {(00:
35)} 48. Kf3 {(00:14)} Rd1 {(00:37)} 49. Re4+ {(00:46)}
Kf6 {(00:19)} 50. Nf4 {(00:15)} b5 {(02:02)} 51. Re6+ {
(00:31)} Kg7 {(00:18)} 52. Rb6 {(00:16)} b4 {(02:
18)} 53. axb4 {(00:08)} axb4 {(01:41)} 54. Rxb4 {(00:05)}
Rd6 {(00:47)} 55. Ke4 {(00:44)} Rd2 {(00:58)} 56. f3 {
(00:12)} Rc2 {(00:28)} 57. h4 {(00:22)} Rh2 {(00:
38)} 58. h5 {(00:12)} Rc2 {(00:21)} 59. Rb6 {(00:17)} Rc1
{(00:40)} 60. b4 {(00:16)} Rc8 {(00:45)} 61. b5 {(
00:37)} Rc4+ {(00:50)} 62. Ke5 {(00:19)} Rc5+ {(00:21)}
63. Nd5 {(00:22)} Rc8 {(01:03)} 64. Rc6 {(00:19)} Re8+ {
(00:23)} 65. Re6 {(00:04)} Rb8 {(00:18)} 66. b6 {(
00:15)} Rf8 {(02:45)} 67. f4 {(00:17)} Rd8 {(03:00)} 68.
b7 {(02:27)} 1-0

[Event "42nd Olympiad Baku 2016 Open"]
[Site "Baku"]
[Date "2016.09.06"]
[Round "5.16"]
[White "Karimov, Alisher"]
[Black "Yamada, Kohei"]
[Result "1/2-1/2"]
[ECO "A05"]
[WhiteElo "2119"]
[BlackElo "2100"]
[Annotator ""]
[PlyCount "85"]
[EventDate "2016.??.??"]
[EventType "team-tourn"]
[EventCountry "AZE"]
[SourceTitle "playchess.com"]
[Source "ChessBase"]
[WhiteTeam "Tajikistan"]
[BlackTeam "Japan"]
[WhiteTeamCountry "TJK"]
[BlackTeamCountry "JPN"]
[TimeControl "40/5400+30:1800+30"]

1. Nf3 {(00:00)} Nf6 {(00:00)} 2. d4 {(00:00)} d5 {
(00:00)} 3. g3 {(00:10)} e6 {(00:09)} 4. Bg2 {(00:
19)} Be7 {(00:06)} 5. c4 {(00:12)} O-O {(00:30)} 6. O-O {
(00:11)} dxc4 {(00:10)} 7. Qc2 {(01:12)} a6 {(00:
16)} 8. a4 {(01:02)} Bd7 {(04:52)} 9. Ne5 {(00:50)} Nc6 {
(06:47)} 10. Nxc6 {(01:21)} Bxc6 {(00:24)} 11. Bxc6 {
(00:08)} bxc6 {(00:05)} 12. Qxc4 {(00:12)} Qd5 {(
05:05)} 13. Qxd5 {(11:59)} cxd5 {(00:09)} 14. Bf4 {(00:20]
} Rfc8 {(14:36)} 15. Rc1 {(09:12)} c5 {(00:40)} 16. dxc5 {
(00:48)} Bxc5 {(00:31)} 17. Nc3 {(02:34)} Bd4 {(04:
40)} 18. Nd1 {(01:34)} Ne4 {(08:05)} 19. Be3 {(39:53)} Bf6
{(17:13)} 20. f3 {(02:19)} Nd6 {(02:43)} 21. Rxc8+ {
(00:57)} Rxc8 {(00:07)} 22. Rc1 {(00:27)} Rxc1 {(
02:11)} 23. Bxc1 {(00:09)} Kf8 {(00:14)} 24. b3 {(07:14)}
Ke8 {(02:03)} 25. Nf2 {(00:27)} Kd7 {(11:22)} 26. Nd3 {
(00:35)} Kc6 {(05:48)} 27. Kf2 {(03:05)} Nb7 {(06:
14)} 28. Bd2 {(00:51)} Nc5 {(01:53)} 29. Nxc5 {(00:54)}
Kxc5 {(00:07)} 30. Ke3 {(00:28)} Bb2 {(01:28)} 31. Kd3 {
(00:21)} Ba3 {(00:09)} 32. Be3+ {(01:27)} Kc6 {(02:
02)} 33. g4 {(00:40)} e5 {(00:45)} 34. Bd2 {(01:12)} Be7 {
(02:33)} 35. Bc3 {(00:27)} f6 {(00:57)} 36. Bd2 {(
01:09)} Bc5 {(01:09)} 37. h3 {(00:45)} Bd6 {(00:23)} 38.
e4 {(02:19)} Be7 {(01:31)} 39. Ba5 {(01:07)} Bc5 {(
00:29)} 40. Bd8 {(00:00)} Kd7 {(00:00)} 41. Ba5 {(03:13)}
Kc6 {(03:01)} 42. Bd8 {(02:20)} Kd7 {(04:51)} 43. Ba5 {
(00:02)} 1/2-1/2

[Event "42nd Olympiad Baku 2016 Open"]
[Site "Baku"]
[Date "2016.09.06"]
[Round "5.29"]
[White "Karjakin, Sergey"]
[Black "Amin, Bassem"]
[Result "1-0"]
[ECO "C84"]
[WhiteElo "2769"]
[BlackElo "2661"]
[Annotator ""]
[PlyCount "101"]
[EventDate "2016.??.??"]
[EventType "team-tourn"]
[EventCountry "AZE"]
[SourceTitle "playchess.com"]
[Source "ChessBase"]
[WhiteTeam "Russia"]
[BlackTeam "Egypt"]
[WhiteTeamCountry "RUS"]
[BlackTeamCountry "EGY"]
[TimeControl "40/5400+30:1800+30"]

1. e4 {(00:00)} e5 {(00:40)} 2. Nf3 {(00:00)} Nc6 {
(00:06)} 3. Bb5 {(00:00)} a6 {(00:04)} 4. Ba4 {(00:
00)} Nf6 {(00:05)} 5. O-O {(00:00)} Be7 {(00:23)} 6. d3 {
(00:12)} d6 {(00:26)} 7. c3 {(00:18)} O-O {(00:09)}
8. Re1 {(00:17)} Re8 {(02:50)} 9. h3 {(00:18)} Bf8 {
(00:48)} 10. c4 {(01:05)} Nd7 {(09:52)} 11. Be3 {(
00:13)} Ne7 {(00:54)} 12. Nc3 {(12:59)} c6 {(01:49)} 13.
b4 {(02:18)} Ng6 {(03:50)} 14. Bb3 {(05:05)} h6 {(
03:34)} 15. a3 {(08:55)} Nf6 {(03:33)} 16. Ra2 {(10:29)}
a5 {(01:27)} 17. Qb1 {(15:40)} Nh5 {(09:38)} 18. Ne2 {
(05:44)} Qf6 {(04:56)} 19. Kh2 {(00:11)} Nhf4 {(02:
57)} 20. Nxf4 {(00:09)} Nxf4 {(00:45)} 21. Ng1 {(00:12)}
Qg6 {(07:09)} 22. Bxf4 {(02:25)} exf4 {(00:07)} 23. d4 {
(02:38)} Be6 {(03:17)} 24. Rb2 {(02:43)} axb4 {(01:
04)} 25. axb4 {(00:01)} Qf6 {(10:25)} 26. Nf3 {(00:26)} g5
{(00:30)} 27. c5 {(02:37)} Bxb3 {(04:50)} 28. Rxb3 {
(00:09)} Bg7 {(00:31)} 29. cxd6 {(10:48)} Qxd6 {(
00:08)} 30. e5 {(00:03)} Qd5 {(01:24)} 31. Rc1 {(00:36)}
Bf8 {(03:09)} 32. b5 {(00:33)} Ra5 {(04:05)} 33. bxc6 {
(00:09)} bxc6 {(00:05)} 34. Rb8 {(03:33)} Rxb8 {(
04:41)} 35. Qxb8 {(00:09)} c5 {(00:26)} 36. e6 {(07:21)}
fxe6 {(15:13)} 37. Ne5 {(00:54)} Qxd4 {(02:00)} 38. Qc7 {
(00:19)} Ra7 {(00:05)} 39. Qxa7 {(00:05)} Qxe5 {(
00:03)} 40. Qb7 {(00:00)} Qd5 {(00:00)} 41. Qc8 {(12:06)}
Qe5 {(11:28)} 42. f3 {(05:51)} Qf5 {(06:37)} 43. Ra1 {
(01:45)} h5 {(05:04)} 44. Ra6 {(00:19)} g4 {(00:47]
} 45. Qxe6+ {(01:11)} Qxe6 {(00:07)} 46. Rxe6 {(00:05)}
Kf7 {(02:18)} 47. Re4 {(02:09)} gxf3 {(00:42)} 48. Rxf4+ {
(00:24)} Ke7 {(00:35)} 49. gxf3 {(01:00)} Bg7 {(00:
15)} 50. Rh4 {(02:15)} Kd6 {(01:10)} 51. Kg2 {(00:09)} 1-0

[Event "42nd Olympiad Baku 2016 Open"]
[Site "Baku"]
[Date "2016.09.06"]
[Round "5.23"]
[White "Kassis, Antoine"]
[Black "Mohannad, Farhan"]
[Result "0-1"]
[ECO "C10"]
[WhiteElo "2142"]
[BlackElo "2294"]
[Annotator ""]
[PlyCount "86"]
[EventDate "2016.??.??"]
[EventType "team-tourn"]
[EventCountry "AZE"]
[SourceTitle "playchess.com"]
[Source "ChessBase"]
[WhiteTeam "Lebanon"]
[BlackTeam "Jordan"]
[WhiteTeamCountry "LBN"]
[BlackTeamCountry "JOR"]
[TimeControl "40/5400+30:1800+30"]

1. e4 {(00:00)} e6 {(00:00)} 2. d4 {(00:06)} d5 {(
00:00)} 3. Nc3 {(00:34)} Nc6 {(00:04)} 4. Nf3 {(00:52)}
Bb4 {(00:13)} 5. e5 {(15:27)} b6 {(00:23)} 6. Bb5 {
(03:54)} Bb7 {(06:47)} 7. O-O {(00:16)} Qd7 {(00:
27)} 8. Ne2 {(01:26)} Bf8 {(00:24)} 9. c3 {(04:02)} Nge7 {
(01:26)} 10. Re1 {(11:57)} a5 {(01:06)} 11. a4 {(
00:42)} Ba6 {(00:31)} 12. Bxa6 {(04:02)} Rxa6 {(00:04)}
13. b3 {(02:47)} Ra8 {(02:02)} 14. Ba3 {(02:11)} g6 {
(00:07)} 15. h3 {(03:48)} Bg7 {(02:10)} 16. g4 {(
02:22)} h6 {(02:01)} 17. Ng3 {(06:59)} Qc8 {(13:32)} 18.
Nh4 {(01:49)} Qa6 {(09:19)} 19. f4 {(00:54)} h5 {(
03:01)} 20. Ng2 {(14:00)} hxg4 {(01:31)} 21. hxg4 {(00:05]
} Kd7 {(01:05)} 22. Qf3 {(01:25)} Rh3 {(02:54)} 23. Kf2 {
(01:50)} b5 {(02:04)} 24. Rh1 {(04:50)} Rxh1 {(00:
30)} 25. Rxh1 {(00:02)} b4 {(09:32)} 26. Bb2 {(01:20)}
bxc3 {(01:04)} 27. Bxc3 {(00:16)} Qb6 {(00:47)} 28. Rh7 {
(00:59)} Rg8 {(01:58)} 29. Qd3 {(04:32)} Qxb3 {(11:
28)} 30. f5 {(00:38)} Qa2+ {(15:03)} 31. Kf3 {(03:28)}
exf5 {(00:56)} 32. gxf5 {(00:18)} gxf5 {(00:08)} 33. Nh4 {
(03:06)} f4 {(05:02)} 34. Kxf4 {(01:51)} Qh2 {(00:
20)} 35. Qf3 {(01:04)} Kd8 {(03:57)} 36. Qg2 {(03:01)}
Ng6+ {(02:03)} 37. Kg4 {(00:10)} Ngxe5+ {(01:59)} 38. dxe5
{(00:55)} Bxe5+ {(00:08)} 39. Kf5 {(00:52)} Qxg2 {(
00:12)} 40. Nxg2 {(00:00)} Bxc3 {(00:00)} 41. Rh3 {(00:59]
} Be5 {(01:21)} 42. Nf4 {(00:08)} f6 {(01:49)} 43. Ngh5 {
(00:44)} Nd4# {(00:18)} 0-1

[Event "42nd Olympiad Baku 2016 Open"]
[Site "Baku"]
[Date "2016.09.06"]
[Round "5.13"]
[White "Kayonde, Andrew"]
[Black "Gruenfeld, Yehuda"]
[Result "1/2-1/2"]
[ECO "E00"]
[WhiteElo "2422"]
[BlackElo "2451"]
[Annotator ""]
[PlyCount "87"]
[EventDate "2016.??.??"]
[EventType "team-tourn"]
[EventCountry "AZE"]
[SourceTitle "playchess.com"]
[Source "ChessBase"]
[WhiteTeam "ZAM"]
[BlackTeam "ICCD"]
[WhiteTeamCountry "ZAM"]
[BlackTeamCountry "ISR"]
[TimeControl "40/5400+30:1800+30"]

1. d4 {(00:30)} Nf6 {(00:00)} 2. c4 {(00:08)} e6 {(
00:00)} 3. Nc3 {(00:05)} Bb4 {(00:00)} 4. e3 {(00:06)} O-O
{(00:00)} 5. Nge2 {(00:05)} Re8 {(00:23)} 6. a3 {(
01:10)} Bf8 {(00:06)} 7. g3 {(01:25)} d5 {(00:15)} 8. cxd5
{(00:39)} exd5 {(00:06)} 9. Bg2 {(00:04)} a5 {(00:
16)} 10. O-O {(01:30)} c6 {(00:07)} 11. h3 {(06:30)} Na6 {
(01:02)} 12. Nf4 {(03:14)} h6 {(04:16)} 13. Qc2 {(
01:17)} b5 {(07:05)} 14. Nce2 {(17:13)} Bd7 15. b3 {(05:
19)} Rc8 {(05:48)} 16. Bb2 {(00:10)} Bd6 {(00:49)} 17. g4
{(03:40)} Bb8 {(06:38)} 18. Ng3 {(01:40)} Qe7 {(17:
43)} 19. Qd2 {(06:12)} Bc7 {(01:56)} 20. Nfh5 {(02:54)}
Nxh5 {(01:22)} 21. Nxh5 {(00:06)} g6 {(05:18)} 22. Nf4 {
(00:18)} Qd6 {(00:27)} 23. Rfe1 {(02:37)} f5 {(01:
09)} 24. f3 {(02:35)} Rf8 {(05:59)} 25. Bh1 {(03:58)} g5 {
(11:07)} 26. Nd3 {(00:47)} Qg3+ {(01:45)} 27. Qg2 {
(00:13)} fxg4 {(00:08)} 28. fxg4 {(01:30)} h5 {(00:
48)} 29. Qxg3 {(09:26)} Bxg3 {(00:06)} 30. Re2 {(00:10)}
hxg4 {(02:44)} 31. hxg4 {(00:05)} Rce8 {(06:28)} 32. e4 {
(00:44)} Nc7 {(12:26)} 33. Ne5 {(05:50)} Bxe5 {(01:
45)} 34. dxe5 {(00:05)} Rf4 {(04:45)} 35. exd5 {(00:16)}
Nxd5 {(00:19)} 36. Bxd5+ {(05:26)} cxd5 {(00:04)} 37. Rc1
{(00:16)} d4 {(01:52)} 38. Rc5 {(02:26)} Rxg4+ {(
01:25)} 39. Rg2 {(00:38)} d3 {(01:16)} 40. Rxg4 {(00:00)}
Bxg4 {(00:00)} 41. Bc1 {(01:34)} Rc8 {(02:13)} 42. Rxc8+ {
(00:35)} Bxc8 {(00:05)} 43. Bxg5 {(00:03)} Be6 {(
00:10)} 44. Bd2 {(00:06)} 1/2-1/2

[Event "42nd Olympiad Baku 2016 Open"]
[Site "Baku"]
[Date "2016.09.06"]
[Round "5.24"]
[White "Khader, Sami"]
[Black "Abdulaziz, Mahmoud"]
[Result "1-0"]
[ECO "B06"]
[WhiteElo "2373"]
[BlackElo "2123"]
[Annotator ""]
[PlyCount "63"]
[EventDate "2016.??.??"]
[EventType "team-tourn"]
[EventCountry "AZE"]
[SourceTitle "playchess.com"]
[Source "ChessBase"]
[WhiteTeam "Jordan"]
[BlackTeam "Lebanon"]
[WhiteTeamCountry "JOR"]
[BlackTeamCountry "LBN"]
[TimeControl "40/5400+30:1800+30"]

1. e4 {(00:00)} g6 {(00:00)} 2. d4 {(00:00)} Bg7 {(
00:05)} 3. Nc3 {(00:32)} d6 {(00:29)} 4. h4 {(00:05)} Nf6
{(01:32)} 5. Be2 {(00:18)} c5 {(02:28)} 6. d5 {(00:
14)} h5 {(04:57)} 7. f3 {(00:17)} a6 {(01:27)} 8. a4 {
(00:10)} b6 {(00:36)} 9. Nh3 {(00:37)} Nbd7 {(04:
30)} 10. f4 {(02:40)} Ng4 {(18:45)} 11. Bxg4 {(01:44)}
hxg4 {(00:06)} 12. Qxg4 {(00:10)} Bxc3+ {(00:21)} 13. bxc3
{(00:04)} Nf6 {(00:12)} 14. Qe2 {(04:02)} Rxh4 {(
00:56)} 15. c4 {(00:21)} Bg4 {(06:09)} 16. Qe3 {(00:48)}
Qd7 {(04:39)} 17. e5 {(00:42)} dxe5 {(09:21)} 18. fxe5 {
(00:20)} Bf5 {(00:24)} 19. O-O {(22:52)} Nh5 {(13:
54)} 20. Nf4 {(16:51)} Nxf4 {(12:04)} 21. Rxf4 {(00:03)}
Rxf4 {(01:04)} 22. Qxf4 {(00:02)} Bxc2 {(02:06)} 23. a5 {
(00:53)} Qf5 {(02:40)} 24. axb6 {(01:05)} Bd3 {(04:
01)} 25. e6 {(01:07)} Qxf4 {(02:06)} 26. Bxf4 {(00:07)}
O-O-O {(01:14)} 27. Bc7 {(00:56)} fxe6 {(02:24)} 28. Rxa6
{(05:50)} Rd7 {(01:08)} 29. Ra8+ {(00:09)} Kb7 {(
00:01)} 30. Ra7+ {(00:17)} Kc8 {(00:58)} 31. dxe6 {(00:09]
} Rd4 {(00:49)} 32. Be5 {(00:10)} 1-0

[Event "42nd Olympiad Baku 2016 Open"]
[Site "Baku"]
[Date "2016.09.06"]
[Round "5.10"]
[White "Khan, Taffin"]
[Black "Rowe, Peter"]
[Result "1-0"]
[ECO "B23"]
[WhiteElo "1877"]
[BlackElo "1966"]
[Annotator ""]
[PlyCount "115"]
[EventDate "2016.??.??"]
[EventType "team-tourn"]
[EventCountry "AZE"]
[SourceTitle "playchess.com"]
[Source "ChessBase"]
[WhiteTeam "Guyana"]
[BlackTeam "Channel Islands"]
[WhiteTeamCountry "GUY"]
[BlackTeamCountry "GCI"]
[TimeControl "40/5400+30:1800+30"]

1. e4 {(00:00)} c5 {(00:00)} 2. Nc3 {(00:00)} Nc6 {
(00:11)} 3. f4 {(00:00)} e6 {(00:43)} 4. Nf3 {(00:
03)} Nf6 {(01:49)} 5. g3 {(00:11)} d5 {(01:16)} 6. e5 {
(00:12)} Nd7 {(04:14)} 7. Bg2 {(00:06)} Be7 {(00:
45)} 8. O-O {(00:10)} a6 {(01:22)} 9. Ne2 {(00:33)} b5 {
(02:58)} 10. d3 {(01:33)} Nb6 {(03:11)} 11. d4 {(
01:59)} Qc7 {(03:49)} 12. Kh1 {(00:36)} Bd7 {(01:27)} 13.
b3 {(01:00)} Rc8 {(02:55)} 14. c3 {(02:16)} b4 {(
06:09)} 15. Bb2 {(02:28)} c4 {(02:24)} 16. cxb4 {(02:13)}
Bxb4 {(03:49)} 17. a3 {(01:15)} Be7 {(00:27)} 18. Nd2 {
(00:09)} Na5 {(02:53)} 19. bxc4 {(03:23)} Naxc4 {(
02:37)} 20. Nxc4 {(00:12)} Nxc4 {(00:26)} 21. Bc1 {(00:42]
} Qa5 {(04:26)} 22. Qe1 {(01:01)} O-O {(03:28)} 23. f5 {
(02:53)} f6 {(08:41)} 24. fxe6 {(00:48)} Qxe1 {(01:
59)} 25. Rxe1 {(00:09)} Bc6 {(03:59)} 26. Nf4 {(00:43)}
fxe5 {(03:26)} 27. Nxd5 {(01:47)} Bxd5 {(01:20)} 28. Bxd5
{(00:13)} exd4 {(04:00)} 29. Bg5 {(01:15)} Rfe8 {(
01:22)} 30. Bxe7 {(00:34)} Rxe7 {(00:18)} 31. Rac1 {(00:
55)} Nb6 {(02:45)} 32. Rxc8+ {(00:41)} Nxc8 {(00:11)} 33.
Rc1 {(00:43)} Na7 {(06:58)} 34. Rc4 {(00:50)} g6 {(
00:57)} 35. a4 {(01:00)} Kg7 {(01:23)} 36. Rxd4 {(00:15)}
Nc8 {(03:59)} 37. Bb3 {(00:36)} Kf6 {(02:32)} 38. Kg2 {
(01:10)} Rc7 {(03:33)} 39. Rd7 {(05:21)} Rc3 {(01:
27)} 40. Rf7+ {(00:00)} Ke5 {(00:00)} 41. Rf3 {(02:14)}
Rc7 {(05:48)} 42. Kf2 {(00:31)} Nd6 {(01:13)} 43. Re3+ {
(02:59)} Kf6 {(00:39)} 44. g4 {(02:18)} g5 {(04:48]
} 45. Ke2 {(00:45)} Rb7 {(04:11)} 46. Kd2 {(03:05)} a5 {
(03:46)} 47. Kc2 {(07:20)} Ke7 {(02:09)} 48. Re5 {(
01:23)} Rc7+ {(07:03)} 49. Kd3 {(02:28)} Nb7 {(02:05)} 50.
Kd4 {(01:59)} h6 {(00:57)} 51. Re3 {(02:00)} Nd8 {(
02:05)} 52. Rh3 {(05:28)} Rb7 {(03:42)} 53. Bc4 {(00:28)}
Rb4 {(01:20)} 54. Rxh6 {(00:39)} Kd6 {(02:23)} 55. Kc3 {
(03:12)} Rxa4 {(00:18)} 56. Rh8 {(04:15)} Ke7 {(02:
06)} 57. Rh7+ {(00:22)} Kd6 {(01:33)} 58. e7 {(01:10] Kd5}
1-0